[Event "Team 45 45 League T51"]
[Site "Internet Chess Club"]
[Date "2011.11.10"]
[Round "1"]
[White "Ayensa80"]
[Black "FlyingTiger"]
[Result "1-0"]
[WhiteElo "1743"]
[BlackElo "1811"]
[Opening "Sicilian: Hungarian variation"]
[ECO "B27"]
[Time "15:04:37"]
[TimeControl "2700+45"]

1. e4 c5 2. Nf3 g6 3. d4 cxd4 4. Qxd4 Nf6 5. Bg5 Nc6 6. Qe3 Bg7 7. Nc3 O-O 8.
Bc4 Qa5 9. O-O d6 10. h3 Ne5 11. Nxe5 Qxe5 12. f4 Qa5 13. Rad1 Be6 14. Bxf6 Bxf6
15. Nd5 Bxd5 16. Bxd5 Bxb2 17. Bxb7 Rab8 18. Bd5 Ba3 19. Qg3 Rfc8 20. Bb3 Rc3
21. Qg4 Qc5+ 22. Kh1 Re3 23. f5 Rf8 24. fxg6 hxg6 25. Qxg6+ Kh8 26. Qh6+ Kg8 27.
Rd5 {Black resigns} 1-0

[Event "Team 45 45 League T51"]
[Site "Internet Chess Club"]
[Date "2011.11.12"]
[Round "1"]
[White "TwoEqualsOne"]
[Black "barbak"]
[Result "0-1"]
[WhiteElo "1731"]
[BlackElo "1833"]
[Opening "QGD: Tarrasch defense, 4.cd ed"]
[ECO "D32"]
[Time "03:06:05"]
[TimeControl "2700+45"]

1. d4 d5 2. c4 e6 3. Nc3 c5 4. cxd5 exd5 5. Bf4 Nc6 6. e3 Nf6 7. Nf3 cxd4 8.
Nxd4 Bb4 9. Bd3 O-O 10. O-O Nxd4 11. exd4 h6 12. a3 Be7 13. Rc1 Be6 14. Re1 Rc8
15. Qf3 a6 16. Rc2 Qd7 17. Be5 Rc6 18. h3 Rfc8 19. Rec1 Ne8 20. Ne2 Rxc2 21.
Rxc2 Rxc2 22. Bxc2 Qb5 23. b4 a5 24. Nc3 Qc4 25. Qd3 Qxd3 26. Bxd3 axb4 27. a4
bxc3 {White resigns} 0-1

[Event "Team 45 45 League T51"]
[Site "Internet Chess Club"]
[Date "2011.11.13"]
[Round "1"]
[White "Duguesclin"]
[Black "MasterOfTheKeys"]
[Result "0-1"]
[WhiteElo "1594"]
[BlackElo "1684"]
[Opening "King's Indian: Four pawns attack, dynamic line"]
[ECO "E76"]
[Time "12:00:42"]
[TimeControl "2700+45"]

1. d4 Nf6 2. c4 g6 3. Nc3 Bg7 4. e4 d6 5. f4 O-O 6. Nf3 c5 7. d5 a6 8. a4 e6 9.
Bd3 exd5 10. cxd5 Qc7 11. O-O Nbd7 12. b3 Nxe4 13. Bxe4 Bxc3 14. Ra2 Nf6 15. Bb1
c4 16. Ba3 Ng4 17. Re2 Qb6+ 18. Kh1 Ne3 19. Rxe3 Qxe3 20. Bxd6 Re8 21. bxc4 Bg4
22. Be5 Bxe5 23. fxe5 Bxf3 24. Rxf3 Qxe5 25. Bd3 Rad8 26. h3 Qd6 27. Qf1 Qb4 28.
Kh2 Qd6+ 29. g3 Re7 30. h4 Rde8 31. Rf6 Qc5 32. d6 Rd7 33. Qf4 Re6 34. Bf1 Qxd6
35. Rxe6 Qxe6 36. Bg2 Qe2 37. Kh3 Qe6+ 38. Kh2 Qe8 39. Bd5 h5 40. Kh3 Qc8 41. g4
hxg4+ 42. Qxg4 Rd8 43. h5 Qxg4+ 44. Kxg4 gxh5+ 45. Kxh5 Rd7 46. Kg5 Kf8 47. Kf6
Rd6+ 48. Ke5 Ke7 49. Bxf7 Rd1 50. Bd5 b6 51. Bc6 Kd8 52. Bb7 a5 53. Bc6 Kc7 54.
Bb5 Rd2 55. Ke4 Kd6 56. Ke3 Rd1 57. Ke2 Rd4 58. Ke3 Kc5 59. Ke2 Rxc4 60. Bxc4
Kxc4 61. Kd2 Kb4 62. Kc2 Kxa4 63. Kb2 b5 64. Ka2 b4 65. Kb2 b3 66. Kb1 Kb4 67.
Kb2 a4 68. Kb1 a3 69. Ka1 Kc3 70. Kb1 a2+ 71. Ka1 b2+ 72. Kxa2 Kc2 {White
resigns} 0-1

[Event "Team 45 45 League T51"]
[Site "Internet Chess Club"]
[Date "2011.11.14"]
[Round "1"]
[White "Stryker672"]
[Black "koni"]
[Result "1-0"]
[WhiteElo "1963"]
[BlackElo "1879"]
[Opening "Philidor: Improved Hanham variation"]
[ECO "B07"]
[Time "12:00:12"]
[TimeControl "2700+45"]

1. e4 d6 2. d4 Nf6 3. Nc3 e5 4. Nf3 Nbd7 5. Bc4 Be7 6. O-O O-O 7. a4 c6 8. a5
Qc7 9. Re1 a6 10. h3 Rd8 11. Ng5 Rf8 12. Be3 h6 13. Nf3 b5 14. axb6 Nxb6 15. Bf1
a5 16. dxe5 dxe5 17. Nxe5 Qxe5 18. Bxb6 Bb4 19. Bd4 Qe7 20. e5 Nd5 21. Nxd5 cxd5
22. c3 Bc5 23. b4 Bxd4 24. Qxd4 Be6 25. Rxa5 Rxa5 26. bxa5 Ra8 27. a6 g6 28. Rb1
Qa3 29. Qb4 Qa2 30. Qb7 Rc8 31. a7 Kg7 32. Rb6 d4 33. cxd4 Qd5 34. Qxd5 Bxd5 35.
Rb8 {Black resigns} 1-0

[Event "Team 45 45 League T51"]
[Site "Internet Chess Club"]
[Date "2011.11.12"]
[Round "1"]
[White "kabindra"]
[Black "CzwartyWymiar"]
[Result "1-0"]
[WhiteElo "1885"]
[BlackElo "1858"]
[Opening "Petrov's defense"]
[ECO "C42"]
[Time "15:02:07"]
[TimeControl "2700+45"]

1. e4 e5 2. Nf3 Nf6 3. Nxe5 d6 4. Nf3 Nxe4 5. Bc4 d5 6. Bb3 Be7 7. O-O O-O 8. a3
Bg4 9. d3 Ng5 10. Bxg5 Bxg5 11. Nbd2 c6 12. d4 Qf6 13. c4 Bxd2 14. Qxd2 Bxf3 15.
gxf3 Qxf3 16. Bc2 dxc4 17. Rae1 b5 18. Re3 Qf4 19. Qe2 Na6 20. Re4 Qf6 21. Kh1
Rad8 22. Qg4 g6 23. Rf4 Qe6 24. Bf5 Qd5+ 25. Be4 Qd7 26. Bf5 Qd5+ 27. Be4 Qd7
28. Qg5 Nc7 29. Rh4 f5 30. Bf3 Ne6 31. Qg2 Rf7 32. Rd1 Qe7 33. Qg3 f4 34. Qg4
Qg5 35. Qh3 Nxd4 36. Rg1 Qf5 37. Bg4 Qe4+ 38. f3 Qc2 39. Bh5 Rd6 40. Qc8+ Rf8
41. Qc7 {Black resigns} 1-0

[Event "Team 45 45 League T51"]
[Site "Internet Chess Club"]
[Date "2011.11.12"]
[Round "1"]
[White "rahulr"]
[Black "Razorbackchess"]
[Result "0-1"]
[WhiteElo "1647"]
[BlackElo "1745"]
[Opening "King's Indian: Petrosian system, Stein variation"]
[ECO "E92"]
[Time "20:31:21"]
[TimeControl "2700+45"]

1. d4 Nf6 2. c4 g6 3. Nc3 Bg7 4. e4 d6 5. Nf3 O-O 6. Be2 e5 7. d5 a5 8. O-O Na6
9. Be3 Ne8 10. Qc2 f5 11. a3 f4 12. Bd2 g5 13. h3 h5 14. Nh2 Nf6 15. f3 Qe8 16.
Nb5 b6 17. b4 axb4 18. axb4 Qe7 19. Ra4 Bb7 20. Rfa1 Nd7 21. R1a3 Ndb8 22. Qa2
Kh7 23. Nc3 c5 24. dxc6 Nxc6 25. Nd5 Qd8 26. b5 Nd4 27. bxa6 Bxd5 28. cxd5 Nxe2+
29. Kf2 Nd4 30. Bc3 b5 31. Rb4 Qb6 32. Bxd4 exd4 33. Ke2 d3+ 34. Rxd3 Qg1 35.
Qa3 Qxg2+ 36. Kd1 Qxh2 37. Rxb5 Qg1+ 38. Kc2 Rfc8+ 39. Kb3 Qb1+ 40. Ka4 Rxa6+
41. Ra5 Rc4+ 42. Qb4 Qxb4# {White checkmated} 0-1

[Event "Team 45 45 League T51"]
[Site "Internet Chess Club"]
[Date "2011.11.12"]
[Round "1"]
[White "cys456"]
[Black "Signalman"]
[Result "1-0"]
[WhiteElo "1598"]
[BlackElo "1536"]
[Opening "Ruy Lopez: modern Steinitz defense, 5.O-O"]
[ECO "C72"]
[Time "10:07:58"]
[TimeControl "2700+45"]

1. e4 e5 2. Nf3 Nc6 3. Bb5 a6 4. Ba4 d6 5. O-O Bd7 6. h3 Nge7 7. c3 Ng6 8. d4
Be7 9. Re1 h6 10. Bc2 Bg5 11. Bxg5 hxg5 12. Qd2 Nf4 13. dxe5 dxe5 14. Na3 g4 15.
hxg4 Bxg4 16. Qxd8+ Rxd8 17. Nh2 Ne2+ 18. Kh1 Rd2 19. Bd1 Rxb2 20. Nc4 Rb5 21.
Bxe2 Bxe2 22. Rxe2 Rc5 23. Ne3 Rxc3 24. Rc2 Ra3 25. Nd5 Kd7 26. Rb1 Kc8 27. Kg1
Rh6 28. Ng4 Rh4 29. Nxe5 Rxe4 30. Nxc6 bxc6 31. Rc5 cxd5 32. Rxd5 Rxa2 33. Rc5
Ree2 34. Rf5 f6 35. Rc1 Rac2 36. Ra1 Kb7 37. Rf3 Ra2 38. Rb1+ Rab2 39. Ra1 Kb6
40. Rfa3 a5 41. Rxa5 g5 42. Ra6+ Kb5 43. R1a5+ Kc4 44. Rc6+ Kb4 45. Rf5 Rbc2 46.
Rfxf6 Re1+ 47. Kh2 Rcc1 48. Rxc1 Rxc1 49. Rf5 Rc5 50. g4 Kb5 51. Kg3 Kb6 52.
Rxc5 Kxc5 53. f4 Kd5 54. f5 c5 55. Kf3 c4 56. Ke3 Ke5 57. Kd2 Kf6 58. Kc3 Ke5
59. Kxc4 Kf6 60. Kd5 Ke7 61. Ke5 Kf7 62. f6 Kf8 63. Kf5 Kf7 64. Kxg5 Kg8 65. Kg6
Kh8 66. Kf7 Kh7 67. Ke7 Kg8 68. f7+ {Black resigns} 1-0

[Event "Team 45 45 League T51"]
[Site "Internet Chess Club"]
[Date "2011.11.12"]
[Round "1"]
[White "Terte"]
[Black "eurander"]
[Result "0-1"]
[WhiteElo "1918"]
[BlackElo "2191"]
[Opening "Caro-Kann: advance variation"]
[ECO "B12"]
[Time "06:30:57"]
[TimeControl "2700+45"]

1. e4 c6 2. d4 d5 3. e5 c5 4. Nf3 Nc6 5. Bb5 Bg4 6. Nc3 e6 7. Be3 cxd4 8. Qxd4
Bxf3 9. gxf3 Ne7 10. O-O-O a6 11. Bxc6+ Nxc6 12. Qf4 Qc7 13. Rhe1 Be7 14. Qg4 g6
15. Bh6 Qa5 16. Qa4 Bb4 17. Qxa5 Bxa5 18. Re2 Bxc3 19. bxc3 Na5 20. Be3 Rc8 21.
Bd4 Nc4 22. f4 Kd7 23. f3 Rc6 24. h4 h5 25. f5 gxf5 26. Rg1 Rcc8 27. Reg2 Rh7
28. Kd1 Na5 29. Ke2 Nc6 30. Kd3 Ne7 31. Rg7 Rxg7 32. Rxg7 Ke8 33. Rh7 Ng6 34.
Ke3 Nxh4 35. Rxh5 Ng6 36. Rh1 Kd7 37. a4 Rh8 38. Rxh8 Nxh8 39. a5 Ng6 40. Bb6
Nxe5 41. Kf4 Nc4 {White resigns} 0-1

[Event "Team 45 45 League T51"]
[Site "Internet Chess Club"]
[Date "2011.11.14"]
[Round "1"]
[White "kidviper"]
[Black "DarkFlow"]
[Result "1-0"]
[WhiteElo "1987"]
[BlackElo "1857"]
[Opening "Petrov: Nimzovich attack"]
[ECO "C42"]
[Time "14:00:51"]
[TimeControl "2700+45"]

1. e4 e5 2. Nf3 Nf6 3. Nxe5 d6 4. Nf3 Nxe4 5. Nc3 Nxc3 6. dxc3 Be7 7. Bd3 Nc6 8.
Be3 Bg4 9. h3 Be6 10. Qd2 O-O 11. O-O-O a5 12. a3 Ne5 13. Qe2 Nxd3+ 14. Qxd3 Qd7
15. Nd4 Bf6 16. g4 Bxd4 17. Bxd4 Qc6 18. h4 Qc4 19. Qxc4 Bxc4 20. b3 Bb5 21.
Rhe1 Rfe8 22. g5 Rxe1 23. Rxe1 Re8 24. Rxe8+ Bxe8 25. c4 Bd7 26. c5 dxc5 27.
Bxc5 f6 28. gxf6 gxf6 29. Be7 Kf7 30. Bd8 c6 31. Bxa5 f5 32. Kd2 Ke6 33. Kd3 Kd5
34. c4+ Ke6 35. Kd4 b5 36. Bc7 Be8 37. Kc5 Kd7 38. Kb6 bxc4 39. bxc4 Bf7 40. a4
Bxc4 41. a5 Bd5 42. Bf4 Be4 43. a6 Kc8 44. a7 c5 45. Kxc5 Kb7 46. Bb8 Bf3 47.
Kd6 Bh5 48. Ke5 Bg6 49. f4 Ka8 50. Kf6 Kb7 51. Kg5 Ka8 52. h5 Be8 53. Kh6 Kb7
54. Kg5 Bd7 55. h6 Be6 56. Kf6 {Black forfeits on time} 1-0

[Event "Team 45 45 League T51"]
[Site "Internet Chess Club"]
[Date "2011.11.13"]
[Round "1"]
[White "acejackace"]
[Black "Warpdrive"]
[Result "1-0"]
[WhiteElo "1708"]
[BlackElo "1572"]
[Opening "Réti opening"]
[ECO "A05"]
[Time "15:35:13"]
[TimeControl "2700+45"]

1. Nf3 Nf6 2. g3 d5 3. Bg2 c6 4. d3 Bg4 5. h3 Bxf3 6. Bxf3 e5 7. Nd2 Nbd7 8. O-O
Bd6 9. e4 d4 10. Nc4 Bc7 11. a4 b5 12. axb5 cxb5 13. Na3 a6 14. b4 O-O 15. Bb2
Qe7 16. c3 dxc3 17. Bxc3 Nb6 18. Bd2 Na4 19. Qb3 Rfd8 20. Kg2 Qd7 21. Be2 Nxe4
22. dxe4 Qxd2 23. Bxb5 Nc3 24. Bxa6 Qd4 25. Bc4 Nxe4 26. Bxf7+ Kf8 27. Bg8 Ng5
28. h4 Qe4+ 29. f3 Rd2+ 30. Rf2 Rxf2+ 31. Kxf2 Bb6+ 32. Kg2 Qe2+ 33. Kh1 Qxf3+
34. Qxf3+ Nxf3 35. Bd5 Rd8 36. Bxf3 Rd3 37. Kg2 Bd4 38. Ra2 Rb3 39. b5 Bc5 40.
Nc4 Rxb5 41. Nxe5 Rb8 42. Nd7+ {Black resigns} 1-0

[Event "Team 45 45 League T51"]
[Site "Internet Chess Club"]
[Date "2011.11.16"]
[Round "1"]
[White "kidcobra"]
[Black "mongmong"]
[Result "1/2-1/2"]
[WhiteElo "1592"]
[BlackElo "1571"]
[Opening "French: exchange variation"]
[ECO "C01"]
[Time "10:04:44"]
[TimeControl "2700+45"]

1. e4 e6 2. d4 d5 3. exd5 exd5 4. Nf3 Bg4 5. Be2 Bd6 6. Bg5 f6 7. Bh4 Ne7 8.
Nfd2 Bxe2 9. Qxe2 O-O 10. O-O Re8 11. Qf3 Nbc6 12. c3 Qd7 13. Bg3 Bxg3 14. fxg3
Ng6 15. Nb3 b6 16. N1d2 Re7 17. Rae1 Rae8 18. Qf2 a5 19. Nf3 Nd8 20. Rxe7 Rxe7
21. a3 Nf7 22. Re1 Nd6 23. Nbd2 Qe8 24. Rxe7 Qxe7 25. Qe1 Kf7 26. Qxe7+ Nxe7 27.
g4 Ng6 28. g3 Ke6 29. Kf2 h6 30. Ke3 Kd7 31. a4 c6 32. b3 b5 33. Ne1 Nc8 34. Nd3
Nf8 35. Nc5+ Kc7 36. Na6+ Kd6 37. Nc5 Kc7 38. Na6+ Kb6 39. Nc5 Nd6 40. h3 Nb7
41. Nxb7 Kxb7 42. c4 Ne6 43. cxd5 cxd5 44. Nb1 Ng5 45. Nc3 bxa4 46. bxa4 Kc6 47.
h4 Ne6 48. Nb5 g5 49. Na7+ Kd7 50. Nb5 Nc7 51. Nxc7 Kxc7 52. hxg5 fxg5 53. Kf3
Kd6 54. Kg2 Ke6 55. Kh3 Kf6 56. Kg2 Kg6 57. Kh3 h5 58. gxh5+ Kxh5 59. g4+ {Game
drawn by mutual agreement} 1/2-1/2

[Event "Team 45 45 League T51"]
[Site "Internet Chess Club"]
[Date "2011.11.13"]
[Round "1"]
[White "Philly-Boy"]
[Black "CamLeslie"]
[Result "0-1"]
[WhiteElo "1908"]
[BlackElo "1891"]
[Opening "Nimzo-Indian: Fischer variation"]
[ECO "E43"]
[Time "20:02:08"]
[TimeControl "2700+45"]

1. d4 Nf6 2. c4 e6 3. Nc3 Bb4 4. e3 b6 5. Bd3 Bb7 6. Nf3 O-O 7. O-O Bxc3 8. bxc3
Ne4 9. Qc2 f5 10. Ba3 d6 11. Nd2 Nxd2 12. Qxd2 Nd7 13. f3 Qg5 14. Qe2 Rae8 15.
Rab1 Rf6 16. c5 dxc5 17. dxc5 Rg6 18. Rf2 Rd8 19. f4 Qh4 20. e4 Nf6 21. g3 fxe4
22. Bc2 Nh5 23. Rg2 Nxg3 24. hxg3 Rxg3 25. Bxe4 Rd2 26. Qxd2 Bxe4 27. Rxg3 Qxg3+
28. Kf1 Bd3+ 29. Qe2 Qf3+ {White resigns} 0-1

[Event "Team 45 45 League T51"]
[Site "Internet Chess Club"]
[Date "2011.11.16"]
[Round "1"]
[White "Tamarin"]
[Black "pishd"]
[Result "1/2-1/2"]
[WhiteElo "1803"]
[BlackElo "1607"]
[Opening "QGD: Orthodox defense, Botvinnik variation"]
[ECO "D60"]
[Time "04:18:35"]
[TimeControl "2700+45"]

1. d4 d5 2. c4 e6 3. Nc3 Be7 4. Nf3 Nf6 5. Bg5 O-O 6. e3 Nbd7 7. Bd3 dxc4 8.
Bxc4 c5 9. O-O a6 10. a4 cxd4 11. Nxd4 Qb6 12. Qe2 Qa5 13. Bf4 Nb6 14. Bc7 Qc5
15. Bxb6 Qxb6 16. h3 Bd7 17. Rfd1 Rfd8 18. Rd2 Bb4 19. Rc2 Rac8 20. b3 Bc6 21.
Nxe6 Bxc3 22. Rxc3 Nd5 23. Nxd8 Nxc3 24. Qd3 Ne2+ 25. Qxe2 Qxd8 26. Qg4 b5 27.
axb5 axb5 28. Rd1 Qc7 29. Bd5 Bxd5 30. Rxd5 Ra8 31. Qd4 Qc1+ 32. Qd1 Qxd1+ 33.
Rxd1 Kf8 34. Rd5 Ra1+ 35. Kh2 Ra2 36. Kg3 b4 37. Rb5 h5 38. Rxb4 g5 39. Rb5 f6
40. Rb7 Ra5 41. e4 h4+ 42. Kf3 f5 43. Ke3 Re5 44. f3 fxe4 45. fxe4 Ra5 46. Kf3
Rc5 47. b4 Rc3+ 48. Kf2 Rc2+ 49. Kf3 Rc3+ 50. Kg4 Rg3+ 51. Kf5 Rxg2 52. b5 g4
53. b6 gxh3 54. Rc7 h2 55. b7 Rb2 56. Kf6 Rf2+ 57. Ke6 Rb2 58. Kf6 Rf2+ 59. Ke6
Rb2 60. Rc1 Rxb7 61. Rh1 Rb6+ 62. Kf5 Rb2 63. Kg4 Ke7 64. Kxh4 Ke6 65. Kh3 Ke5
66. Rxh2 Rxh2+ 67. Kxh2 Kxe4 {Game drawn because neither player has mating
material} 1/2-1/2

[Event "Team 45 45 League T51"]
[Site "Internet Chess Club"]
[Date "2011.11.14"]
[Round "1"]
[White "timothysmall56"]
[Black "Schack"]
[Result "1-0"]
[WhiteElo "1599"]
[BlackElo "1676"]
[Opening "Ruy Lopez: 5.O-O"]
[ECO "C78"]
[Time "20:00:11"]
[TimeControl "2700+45"]

1. e4 e5 2. Nf3 Nc6 3. Bb5 a6 4. Ba4 Nf6 5. O-O b5 6. Bb3 Bc5 7. c3 d6 8. d4 Bb6
9. dxe5 Nxe5 10. Nxe5 dxe5 11. Qxd8+ Kxd8 12. Bg5 Ke7 13. Nd2 h6 14. Bh4 g5 15.
Bg3 Nd7 16. Rad1 f6 17. Rfe1 Nc5 18. Bc2 Rd8 19. b4 Nd3 20. Bxd3 Rxd3 21. Nb1
Rxd1 22. Rxd1 Be6 23. Rd2 a5 24. a3 axb4 25. cxb4 Rxa3 {Black resigns} 1-0

[Event "Team 45 45 League T51"]
[Site "Internet Chess Club"]
[Date "2011.11.12"]
[Round "1"]
[White "az2112"]
[Black "Dracoac"]
[Result "1/2-1/2"]
[WhiteElo "1723"]
[BlackElo "1610"]
[Opening "Benkö gambit accepted"]
[ECO "A58"]
[Time "12:00:35"]
[TimeControl "2700+45"]

1. d4 Nf6 2. c4 c5 3. d5 b5 4. cxb5 a6 5. bxa6 g6 6. g3 Bxa6 7. Bg2 d6 8. Nf3
Bg7 9. Nc3 Nbd7 10. Rb1 O-O 11. O-O Nb6 12. b3 Qd7 13. Re1 c4 14. e4 cxb3 15.
axb3 Ng4 16. Bb2 Rfb8 17. Nd4 Ne5 18. Nc6 Nxc6 19. dxc6 Qxc6 20. e5 Qc7 21. exd6
exd6 22. Bxa8 Rxa8 23. Nd5 Nxd5 24. Qxd5 Bb7 25. Qc4 Qa5 26. Bxg7 Kxg7 27. Qd4+
Kg8 28. Ra1 Qb5 29. Rxa8+ Bxa8 30. Qc4 Qb7 31. Re8+ Kg7 32. Qc3+ f6 33. f3 Qa7+
34. Qe3 Qa1+ 35. Kg2 g5 36. Qe7+ Kh6 37. Qf8+ Kh5 38. g4+ Kg6 39. Qg8+ Kh6 40.
Rxa8 Qb2+ 41. Kh3 Qf2 42. Qf8+ Kg6 43. Qe8+ Kh6 44. Qf8+ Kg6 45. Qg8+ Kh6 46.
Qf8+ {Game drawn by repetition} 1/2-1/2

[Event "Team 45 45 League T51"]
[Site "Internet Chess Club"]
[Date "2011.11.10"]
[Round "1"]
[White "fledermaus"]
[Black "charles-allen"]
[Result "1/2-1/2"]
[WhiteElo "1971"]
[BlackElo "1895"]
[Opening "QGD: Cambridge Springs defense, Rubinstein variation"]
[ECO "D52"]
[Time "17:04:45"]
[TimeControl "2700+45"]

1. d4 d5 2. c4 c6 3. Nf3 Nf6 4. Nc3 e6 5. Bg5 Nbd7 6. e3 Qa5 7. Nd2 dxc4 8. Bxf6
Nxf6 9. Nxc4 Qc7 10. Rc1 Be7 11. g3 O-O 12. Bg2 Bd7 13. O-O Rfd8 14. Qb3 Be8 15.
Rfd1 Rac8 16. e4 b5 17. Ne3 Qb6 18. e5 Nd5 19. Ne4 a5 20. Nc5 a4 21. Nxd5 cxd5
22. Nxa4 Qa7 23. Nc5 Bxc5 24. dxc5 Rxc5 25. a3 Rdc8 26. Rxc5 Qxc5 27. Bf1 Rb8
28. Qc3 Qxc3 {Game drawn by mutual agreement} 1/2-1/2

[Event "Team 45 45 League T51"]
[Site "Internet Chess Club"]
[Date "2011.11.14"]
[Round "1"]
[White "McKnights"]
[Black "gerailen0075"]
[Result "1-0"]
[WhiteElo "1916"]
[BlackElo "1870"]
[Opening "Sicilian defense"]
[ECO "B40"]
[Time "18:06:10"]
[TimeControl "2700+45"]

1. e4 c5 2. Nf3 e6 3. Nc3 Nc6 4. a4 a6 5. d4 cxd4 6. Nxd4 Qc7 7. Be3 Nf6 8. Bd3
Bb4 9. O-O b6 10. Nce2 Ng4 11. Ng3 Nxe3 12. fxe3 Bb7 13. Qg4 g6 14. Nxc6 Qxc6
15. Rf3 O-O-O 16. e5 Qc5 17. c3 Bxc3 18. bxc3 Qxc3 19. Qc4+ Qxc4 20. Bxc4 Bxf3
21. gxf3 Kb7 22. Ne4 d5 23. exd6 f5 24. Ng5 Rxd6 25. Nf7 Rc6 26. Bxa6+ Kxa6 27.
Nxh8 Rc7 28. Rb1 Ka5 29. Rb5+ Ka6 30. Kf2 Rc4 31. Re5 Rxa4 32. Rxe6 Ka5 33. Nf7
Ra2+ 34. Kg3 b5 35. Ne5 Rc2 36. Nc6+ Ka4 37. Nd4 Rc7 38. Rb6 Rc5 39. Rb7 h5 40.
Kf4 {Black resigns} 1-0

[Event "Team 45 45 League T51"]
[Site "Internet Chess Club"]
[Date "2011.11.10"]
[Round "1"]
[White "vvsi"]
[Black "j65536d"]
[Result "0-1"]
[WhiteElo "1607"]
[BlackElo "1799"]
[Opening "Sicilian: chameleon variation"]
[ECO "B20"]
[Time "19:50:54"]
[TimeControl "2700+45"]

1. e4 c5 2. Ne2 Nc6 3. Nbc3 e6 4. g3 d5 5. exd5 exd5 6. d4 Nf6 7. Bg2 Be7 8. O-O
Be6 9. h3 Qd7 10. Kh2 h5 11. f3 O-O-O 12. Bg5 Ng4+ 13. fxg4 Bxg5 14. h4 hxg4 15.
dxc5 Be3 16. Nf4 d4 17. Nxe6 Qxe6 18. Nb5 Kb8 19. Nd6 g5 20. Nf5 gxh4 21. Nxh4
Qe5 22. Qxg4 Rdg8 23. Qh3 Rxh4 24. Qxh4 Rh8 25. Qxh8+ Qxh8+ 26. Bh3 Qh5 27. Rae1
Qxc5 28. Rxf7 Qxc2+ 29. Bg2 a6 30. Ref1 d3 31. Rd7 d2 32. Rff7 Na5 33. Bxb7
d1=Q+ 34. Bg2 Qh5# {White checkmated} 0-1

[Event "Team 45 45 League T51"]
[Site "Internet Chess Club"]
[Date "2011.11.13"]
[Round "1"]
[White "ChessicalZ"]
[Black "RizwanGill"]
[Result "0-1"]
[WhiteElo "1704"]
[BlackElo "1652"]
[Opening "English, 1...Nf6 (Anglo-Indian defense)"]
[ECO "A15"]
[Time "13:10:42"]
[TimeControl "2700+45"]

1. c4 Nf6 2. g3 d5 3. cxd5 Nxd5 4. Bg2 e5 5. Nf3 Nc6 6. Nc3 Nxc3 7. bxc3 Bc5 8.
O-O O-O 9. Rb1 Rb8 10. Qc2 Re8 11. d3 Bg4 12. Ng5 Be7 13. Ne4 f5 14. Nd2 Bxe2
15. Re1 Bxd3 16. Qb3+ Kh8 17. Rb2 e4 18. Bf1 Ne5 19. Rd1 c5 20. Qe6 Bxf1 21.
Kxf1 Qd3+ 22. Kg2 Bf6 23. Qxf5 Nc4 24. Rb3 Ne3+ 25. fxe3 Qe2+ {White resigns}
0-1

[Event "Team 45 45 League T51"]
[Site "Internet Chess Club"]
[Date "2011.11.11"]
[Round "1"]
[White "ryan2chess"]
[Black "BigH"]
[Result "0-1"]
[WhiteElo "1937"]
[BlackElo "2264"]
[Opening "Sicilian: Najdorf, Byrne (English) attack"]
[ECO "B90"]
[Time "10:09:19"]
[TimeControl "2700+45"]

1. e4 c5 2. Nf3 d6 3. d4 cxd4 4. Nxd4 Nf6 5. Nc3 a6 6. Be3 e6 7. f3 b5 8. Qd2 b4
9. Na4 Nbd7 10. Nc6 Qc7 11. Nxb4 Bb7 12. Nd3 d5 13. exd5 Nxd5 14. Bd4 e5 15. Qe2
Bd6 16. Nc3 O-O 17. Nxd5 Bxd5 18. Bc3 Rab8 19. Qd2 Rfc8 20. Be2 Ba8 21. O-O-O e4
22. fxe4 Bxe4 23. Rhf1 Ne5 24. Qe3 Qxc3 25. bxc3 Ba3+ 26. Nb2 Bxb2+ 27. Kd2
Bxc3+ 28. Qxc3 Rxc3 29. Kxc3 Bxg2 30. Rf2 Bb7 31. Rd6 Rc8+ 32. Kd4 f6 33. Bxa6
Bxa6 34. Rxa6 Rc7 35. a4 Kf7 36. Rb6 Rc4+ 37. Kd5 Rxa4 38. Re2 Ra5+ 39. Kd4 Ra4+
40. Kc5 Nd7+ 41. Kb5 Nxb6 42. Kxb6 f5 43. Kb5 Ra2 44. Kb4 f4 45. Kb3 Ra8 46. Rf2
g5 47. c4 Ke6 48. c5 Kd5 49. Rg2 h6 50. h4 gxh4 51. Rg4 Rf8 52. Rxh4 f3 53. Rh1
f2 54. Rf1 Kd4 55. Kc2 Ke3 56. Kc3 Ke2 57. Rxf2+ Kxf2 58. Kd4 h5 59. c6 h4 60.
Kd5 h3 61. c7 h2 62. Kd6 h1=Q 63. Kd7 Qd5+ 64. Ke7 Rf7+ 65. Ke8 Qd7# {White
checkmated} 0-1

[Event "Team 45 45 League T51"]
[Site "Internet Chess Club"]
[Date "2011.11.16"]
[Round "1"]
[White "tyler66"]
[Black "zap2"]
[Result "0-1"]
[WhiteElo "1631"]
[BlackElo "1795"]
[Opening "Caro-Kann: Steinitz variation"]
[ECO "B17"]
[Time "16:31:50"]
[TimeControl "2700+45"]

1. e4 c6 2. d4 d5 3. Nc3 dxe4 4. Nxe4 Nd7 5. Nf3 Ngf6 6. Nxf6+ Nxf6 7. a4 Bf5 8.
Bc4 e6 9. O-O Bd6 10. Re1 O-O 11. b3 Qc7 12. Ba3 Bxa3 13. Rxa3 Rfd8 14. Bd3 Bg4
15. Be2 Bxf3 16. Bxf3 Qd6 17. Ra1 Qxd4 18. Rc1 Rd7 19. Qxd4 Rxd4 20. Rcd1 Rad8
21. Rxd4 Rxd4 22. Rd1 e5 23. c3 Rxd1+ 24. Bxd1 a5 25. Bc2 Nd5 26. c4 Nf4 27. Kf1
Kf8 28. g3 Ne6 29. Ke2 Nd4+ 30. Kd3 c5 31. Bd1 f5 32. f3 Ke7 33. g4 g5 34. gxf5
Nxf5 35. Ke4 Kf6 36. Kd5 Ne3+ 37. Kxc5 Nxd1 38. Kb6 g4 39. fxg4 e4 40. Kxb7 e3
41. c5 e2 42. c6 e1=Q 43. c7 Qb4+ 44. Ka6 Qc5 45. Kb7 Qd5+ 46. Ka7 Qc6 47. Kb8
Qb6+ 48. Kc8 Ke7 49. h4 Kd6 50. Kd8 Qxc7+ 51. Ke8 Qe7# {White checkmated} 0-1

[Event "Team 45 45 League T51"]
[Site "Internet Chess Club"]
[Date "2011.11.14"]
[Round "1"]
[White "ScotchYeti"]
[Black "anna"]
[Result "0-1"]
[WhiteElo "1653"]
[BlackElo "1637"]
[Opening "Ruy Lopez: Wormald (Alapin) attack"]
[ECO "C77"]
[Time "16:17:50"]
[TimeControl "2700+45"]

1. e4 e5 2. Nf3 Nc6 3. Bb5 a6 4. Ba4 Nf6 5. Qe2 b5 6. Bb3 Be7 7. c3 O-O 8. O-O
d5 9. d3 dxe4 10. dxe4 Bb7 11. Rd1 Qc8 12. h3 h6 13. Nbd2 Bd6 14. Nf1 Na5 15.
Bc2 Nc4 16. Ng3 Bc5 17. Nh4 Nd6 18. b4 Bb6 19. Nhf5 Nxf5 20. Nxf5 Re8 21. Qf3
Qe6 22. Bxh6 gxh6 23. Qg3+ Ng4 24. Qxg4+ Qg6 25. Qxg6+ fxg6 26. Nxh6+ Kg7 27.
Ng4 Rad8 28. Kh2 g5 29. f3 a5 30. Rxd8 Rxd8 31. Rd1 Rxd1 32. Bxd1 axb4 33. Nxe5
bxc3 34. Bb3 Be3 35. Kg3 Bf4+ 36. Kg4 Bc8+ 37. Kh5 Bxe5 38. Kxg5 Bg3 39. f4 Be6
40. Bc2 Bxa2 41. e5 Kf7 42. h4 Bxh4+ 43. Kxh4 b4 44. Kg5 b3 45. Bg6+ Ke6 46. f5+
Kxe5 47. f6 c2 {White resigns} 0-1

[Event "Team 45 45 League T51"]
[Site "Internet Chess Club"]
[Date "2011.11.12"]
[Round "1"]
[White "Eyechess"]
[Black "chessateer"]
[Result "1-0"]
[WhiteElo "1948"]
[BlackElo "1815"]
[Opening "Vienna game"]
[ECO "C28"]
[Time "12:00:30"]
[TimeControl "2700+45"]

1. e4 e5 2. Bc4 Nc6 3. Nc3 Nf6 4. d3 Be7 5. f4 d6 6. Nf3 O-O 7. f5 Na5 8. h3
Nxc4 9. dxc4 Bd7 10. Be3 Bc6 11. Qd3 a6 12. O-O-O b5 13. Bf2 b4 14. Nd5 Nxd5 15.
cxd5 Bb5 16. Qd2 a5 17. Kb1 Qd7 18. Bh4 Bxh4 19. Nxh4 Rfb8 20. g4 a4 21. f6 Qd8
22. g5 gxf6 23. Rhg1 fxg5 24. Rxg5+ Kh8 25. Nf5 Qf6 26. Rg2 Rg8 27. Rf2 Qg5 28.
Qxb4 Bd7 29. Qc3 Bxf5 30. Rxf5 Qe7 31. a3 Rg5 32. Rxg5 Qxg5 33. Qxc7 Qg6 34. Rf1
Qxe4 35. Qxd6 {Black resigns} 1-0

[Event "Team 45 45 League T51"]
[Site "Internet Chess Club"]
[Date "2011.11.12"]
[Round "1"]
[White "ddlj81"]
[Black "puma"]
[Result "1-0"]
[WhiteElo "1809"]
[BlackElo "1598"]
[Opening "Caro-Kann: classical, Spassky variation"]
[ECO "B19"]
[Time "14:00:29"]
[TimeControl "2700+45"]

1. e4 c6 2. d4 d5 3. Nc3 dxe4 4. Nxe4 Bf5 5. Ng3 Bg6 6. h4 h6 7. Nf3 Nd7 8. h5
Bh7 9. Bd3 Bxd3 10. Qxd3 e6 11. Bd2 Ngf6 12. O-O-O Bd6 13. Qe2 Qe7 14. Kb1 O-O-O
15. Ba5 Rde8 16. c4 Bb4 17. Bxb4 Qxb4 18. Ne5 Qe7 19. f4 Nxe5 20. fxe5 Nh7 21.
Ne4 Kb8 22. Nd6 Rd8 23. Rhf1 Ng5 24. c5 Rhf8 25. Rd3 Rd7 26. Rb3 f6 27. Re3 fxe5
28. Rxf8+ Qxf8 29. Rxe5 Qf4 30. Rf5 Qxd4 31. Rf8+ Kc7 32. Rc8# {Black
checkmated} 1-0